 Dungeon Crawl Stone Soup version 0.28.0-43-g3370ac3207 (webtiles) character file.

Game seed: 16531731327847697170

116 mortz the Conjurer (level 5, 0/28 HPs)
             Began as a Tengu Conjurer on Mar 27, 2022.
             Slain by Ijyb
             ... wielding a +0 dagger
              (1 damage)
             ... on level 3 of the Dungeon.
             The game lasted 00:09:00 (2873 turns).

mortz the Conjurer (Tengu Conjurer)                 Turns: 2873, Time: 00:09:00

Health: 0/28       AC:  5    Str:  7    XL:     5   Next: 1%
Magic:  1/9        EV: 13    Int: 21    God:
Gold:   159        SH:  0    Dex: 12    Spells: 6/9 levels left

rFire   . . .      SeeInvis .   t - +2 short sword (venom) {short}
rCold   . . .      Faith    .   (no shield)
rNeg    . . .      Spirit   .   y - +0 leather armour
rPois   .          Reflect  .   (helmet restricted)
rElec   .          Harm     .   (no cloak)
rCorr   .          Rampage  .   b - +1 pair of gloves
Will    .....                   (boots unavailable)
Stlth   ++........              (no amulet)
HPRegen 0.09/turn               (no ring)
MPRegen 0.11/turn               (no ring)

@: flying quickly and evasively, quick
A: beak, talons 3, nimble flight
a: no special abilities


You were on level 3 of the Dungeon.
You visited 1 branch of the dungeon, and saw 3 of its levels.

You collected 159 gold pieces.


Innate Abilities, Weirdness & Mutations

You have a beak for a mouth.
You have claws for feet.
Your magical nature lets you fly swiftly and evasively.


   Skills:
 + Level 2.3 Dodging
 + Level 2.4 Stealth
 + Level 2.6 Spellcasting
 + Level 7.3 Conjurations


You had 6 spell levels left.
You knew the following spells:

 Your Spells              Type           Power      Damage    Failure   Level
a - Magic Dart            Conj           100%       1d8       1%          1
b - Searing Ray           Conj           66%        2d6       1%          2

Your spell library contained the following spells:

 Spells                   Type           Power      Damage    Failure   Level
 Conjure Flame            Conj/Fire      18%        6-21      14%         3
 Dazzling Flash           Conj/Hex       36%        N/A       14%         3
 Fulminant Prism          Conj/Hex       9%         3d7       41%         4
 Iskenderun's Mystic Bla  Conj/Tloc      18%        2d6       41%         4
 Sticky Flame             Conj/Fire      18%        2d4       41%         4
 Ignite Poison            Fire/Tmut/Pois 2%         N/A       54%         3

Inventory:

Hand Weapons
 c - a +0 club {mace}
   (You found it on level 1 of the Dungeon)
 d - a +0 dagger {short}
   (You took it off a kobold on level 1 of the Dungeon)
 h - a +0 short sword {short}
   (You found it on level 1 of the Dungeon)
 s - a +2 whip of electrocution {mace}
   (You took it off a kobold on level 2 of the Dungeon)
 t - a +2 short sword of venom (weapon) {short}
   (You took it off a kobold on level 2 of the Dungeon)
Missiles
 e - 60 stones {throwing}
 k - 20 sling bullets
 q - 73 arrows
 w - 23 bolts
 x - 6 poisoned darts {throwing}
Armour
 a - a +0 robe
 b - a +1 pair of gloves (worn)
   (You found it on level 1 of the Dungeon)
 y - a +0 leather armour (worn)
   (You took it off an orc on level 3 of the Dungeon)
Scrolls
 g - a scroll of immolation {unknown}
 i - 2 scrolls of enchant armour {unknown}
 j - 3 scrolls of identify {unknown}
 l - 3 scrolls of teleportation {unknown}
 o - 2 scrolls of enchant weapon {unknown}
 p - a scroll of fear {unknown}
Potions
 f - a potion of cancellation {unknown}
 m - 2 potions of curing {unknown}
 n - a potion of attraction {unknown}
 r - a potion of heal wounds {unknown}
 u - a potion of might {unknown}
 v - a potion of brilliance {unknown}

Dungeon Overview and Level Annotations

Branches:
Dungeon (3/15)

Altars:
Wu Jian

Shops:
D:1 (

Annotations:
D:3 Ijyb

#.# #.# # ##.## #
##...## # ####.....### #
#..........# #
#.##.....#.### #. #
#.###........# .. # #.#
##.###.#@# g# #####.#
### #.#g# .# ......#
##.#.# .#
#############...†# .# #
#.............###.######
#
#.#######†..............
####.# #..........#####
.....# ##...###...#
###### ###<.........


You could see Ijyb (very poisoned).


Message History

Aim: a hobgoblin (asleep, 100% to hit)
The magic dart hits the hobgoblin.
The hobgoblin shouts! 😎 MP[-1]
You lost 1 mp, and now have 7/8 mp.
Aiming: Magic Dart (safe; 1% risk of failure)
Press: ? - help, Q - select action, (/) - cycle Shift-Dir - straight line, f/p - hobgoblin
Aim: a hobgoblin (almost dead, 100% to hit)
The magic dart hits the hobgoblin.
You kill the hobgoblin!
A worm comes into view.
You have reached level 5!
Your magical nature develops, letting you fly swiftly and evasively. 😎 HP[+4] MP[-1]
You now have 28 max hp (+4).
Your hp is fully restored (28). 😎 MP[+1]
You now have 159 gold pieces (gained 14).
You start resting. 😎 MP[+2]
Your mp is fully restored (9).
You see here a hobgoblin corpse.
Ijyb and a bat come into view.
Ijyb is wielding a +0 dagger and carrying a wand of mindburst (18).
Aiming: Magic Dart (safe; 1% risk of failure)
Press: ? - help, Q - select action, (/) - cycle Shift-Dir - straight line, f - bat
Aim: a bat (100% to hit)
The magic dart hits the bat.
Ijyb shouts!
The bat closely misses you. 😎 MP[-1]
You lost 1 mp, and now have 8/9 mp.
Aiming: Magic Dart (safe; 1% risk of failure)
Press: ? - help, Q - select action, (/) - cycle Shift-Dir - straight line, f/p - bat
Aim: a bat (moderately wounded, 100% to hit)
The magic dart hits the bat.
The bat closely misses you. 😎 MP[-1]
You lost 1 mp, and now have 7/9 mp.
The bat closely misses you. The bat hits you but does no damage.
The bat hits you. The bat barely misses you. 😕 HP[-1]
You take 1 damage, and now have 27/28 hp.
The bat misses you. The bat closely misses you. 😕 MP[+1]
You closely miss the bat. The bat closely misses you.
The bat barely misses you. x2 😎 HP[+1]
Your hp is fully restored (28).
You hit the bat.
The bat is poisoned.
Your kick misses the bat. You peck the bat, but do no damage.
The bat hits you but does no damage.
Aiming: Magic Dart (safe; 1% risk of failure)
Press: ? - help, Q - select action, (/) - cycle Shift-Dir - straight line, f/p - bat
Aim: a bat (severely wounded, very poisoned, 100% to hit)
The magic dart hits the bat.
You kill the bat! 😎 MP[-1]
You lost 1 mp, and now have 7/9 mp.
Casting: Magic Dart (safe; 1% risk of failure)
Confirm with . or Enter, or press ? or * to list all spells.
Aiming: Searing Ray (safe; 1% risk of failure)
Press: ? - help, Shift-Dir - straight line, f - Ijyb
Aim: Ijyb, wielding a +0 dagger, wearing a +0 ring mail and carrying a wand of mindburst (18) (78% to hit)
The searing ray hits Ijyb but does no damage. (Press . to maintain the ray.) 😎 MP[-2]
You lost 2 mp, and now have 5/9 mp.
The searing ray hits Ijyb but does no damage. 😎 MP[-1]
You lost 1 mp, and now have 4/9 mp.
The searing ray hits Ijyb. 😎 MP[-1]
You lost 1 mp, and now have 3/9 mp.
You hit Ijyb but do no damage.
Ijyb is poisoned.
Your kick misses Ijyb.
Ijyb zaps a wand.
Your mind is blasted!
Ouch! That really hurt!
* * * LOW HITPOINT WARNING * * *
😨 HP[-20]
You take 20 damage, and now have 8/28 hp.
MASSIVE DAMAGE!! (PAUSE)
You hit Ijyb.
Ijyb looks even sicker.
Ijyb hits you with a +0 dagger.
* * * LOW HITPOINT WARNING * * *
😱 HP[-4]
You take 4 damage, and now have 4/28 hp.
Casting: Searing Ray (safe; 1% risk of failure)
Confirm with . or Enter, or press ? or * to list all spells.
Aiming: Searing Ray (safe; 1% risk of failure)
Press: ? - help, Shift-Dir - straight line, f/p - Ijyb
Aim: Ijyb, wielding a +0 dagger, wearing a +0 ring mail and carrying a wand of mindburst (17) (heavily wounded, very poisoned, 78% to hit)
The searing ray hits Ijyb! (Press . to maintain the ray.) Ijyb hits you with a +0 dagger.
* * * LOW HITPOINT WARNING * * *
😱 HP[-3] MP[-1]
You take 3 damage, and now have 1/28 hp.
You lost 1 mp, and now have 2/9 mp.
The searing ray hits Ijyb.
Ijyb hits you with a +0 dagger.
You die...

Skill      XL: |  1  2  3  4 |
---------------+-------------+-----
Conjurations   | 6 7 |  7.3
Dodging        | |  2.3
Stealth        | |  2.4
Spellcasting   | |  2.6

Action                   |  1- 3 |  4- 6 || total
-------------------------+-------+-------++-------
Melee: Whip              |       |     3 ||     3
       Short sword       |       |     5 ||     5
       Peck              |       |     2 ||     2
       Kick              |       |     1 ||     1
 Cast: Magic Dart        |    36 |    25 ||    61
       Searing Ray       |     8 |     8 ||    16
Armor: Robe              |     1 |     2 ||     3
       Leather armour    |       |     2 ||     2
Dodge: Dodged            |     2 |    12 ||    14

Levels and vault maps discovered:
D:1:      minmay_arrival_stair_chambers, layout_basic,
          hellmonk_ecumenical_altar_pennies_from_heaven, serial_shops,
          nicolae_shop_statue_plus, corexii_corridor_pit, nrook_uturn
D:2:      layout_loops_corners, dk_noncrumbling_4
D:3:      layout_loops_ring, nicolae_wu_jian_wuxing_cycle, uniq_jessica,
          uniq_ijyb

Notes
Turn   | Place    | Note
-------+----------+-------------------------------------------
     0 | D:1      | mortz the Tengu Conjurer began the quest for the Orb.
     0 | D:1      | Reached XP level 1. HP: 10/10 MP: 4/4
     0 | D:1      | magus.rc [v1.9.6]
    22 | D:1      | Found Wiattun's Antique Weapon Shop.
   261 | D:1      | Found a faded altar of an unknown god.
   322 | D:1      | Reached XP level 2. HP: 15/15 MP: 4/6
   325 | D:1      | Learned a level 2 spell: Searing Ray
   990 | D:2      | You add the spells Conjure Flame, Ignite Poison and Sticky
                  | Flame to your library.
  1030 | D:2      | Reached skill level 6 in Conjurations
  1152 | D:2      | Reached XP level 3. HP: 19/19 MP: 1/7
  1759 | D:2      | Reached XP level 4. HP: 24/24 MP: 2/8
  1799 | D:2      | Reached skill level 7 in Conjurations
  2380 | D:3      | Found an ornate altar of the Wu Jian Council.
  2777 | D:3      | Gained mutation: Your magical nature lets you fly swiftly
                  | and evasively. [Tengu growth]
  2777 | D:3      | Reached XP level 5. HP: 28/28 MP: 6/9
  2854 | D:3      | Noticed Ijyb
  2871 | D:3      | HP: 4/28 [Ijyb/+0 dagger (4)]
  2872 | D:3      | HP: 1/28 [Ijyb/+0 dagger (3)]
  2873 | D:3      | Slain by Ijyb

Vanquished Creatures
  4 adders
  4 gnolls (D:2)
  3 dart slugs
  An orc (D:3)
  3 ball pythons
  3 endoplasms
  3 goblins
  3 hobgoblins
  3 quokkas (D:2)
  5 bats
  A frilled lizard (D:2)
  4 kobolds
  3 rats (D:1)
40 creatures vanquished.

Table legend:
 A = Non-vault XP
 B = Vault XP
 C = Vault XP percentage of total XP
 D = Non-vault monster count
 E = Vault monster count
 F = Vault count percentage of total count
                 A         B        C        D         E       F
            +---------+---------+-------+---------+---------+-------
      Total |     167 |       0 |   0.0 |      40 |       0 |   0.0
            +---------+---------+-------+---------+---------+-------
        D:1 |      19 |       0 |   0.0 |      11 |       0 |   0.0
        D:2 |     119 |       0 |   0.0 |      20 |       0 |   0.0
        D:3 |      29 |       0 |   0.0 |       9 |       0 |   0.0
            +---------+---------+-------+---------+---------+-------

Illustrated notes

Table legend:
 A = Kills in this place as a percentage of kills in entire the game.
 B = Kills by you in this place as a percentage of kills by you in the entire game.
 C = Kills by friends in this place as a percentage of kills by friends in the entire game.
 D = Other kills in this place as a percentage of other kills in the entire game.
 E = Experience gained in this place as a percentage of experience gained in the entire game.
 F = Experience gained in this place divided by the number of levels of this place that you have seen.
                   A       B       C       D       E      F
               +-------+-------+-------+-------+-------+----------------------
         Total | 100.0 | 100.0 |   N/A |   N/A | 100.0 |  55.7
       Dungeon | 100.0 | 100.0 |   N/A |   N/A | 100.0 |  55.7
               +-------+-------+-------+-------+-------+----------------------

Table legend: (Time is in decaauts)
 A = Elapsed time spent in this place.
 B = Non-inter-level travel time spent in this place.
 C = Inter-level travel time spent in this place.
 D = Time resting spent in this place.
 E = Time spent auto-exploring this place.
 F = Levels seen in this place.
 G = Mean time per level.
                   A        B        C        D        E       F      G
               +--------+--------+--------+--------+--------+-----+--------+
         Total |   2867 |   2715 |    152 |    278 |   2153 |   3 |  955.7 |
       Dungeon |   2867 |   2715 |    152 |    278 |   2153 |   3 |  955.7 |
               +--------+--------+--------+--------+--------+-----+--------+

Top non-repeatable levels by time:
     D:2: 1392 daAuts
     D:1: 1012 daAuts
     D:3: 463 daAuts
